 Dungeon Crawl Stone Soup version 0.26-a0-611-g354ed81502 (webtiles) character file.

Game seed: 7040432997905331606

5160 Krehm the Cleaver (level 10, -11/92 HPs)
             Began as a Hill Orc Monk on Sept 6, 2020.
             Was an Elder of Beogh.
             Mangled by an orc knight
             ... wielding a +0 battleaxe
              (37 damage)
             ... in a bailey.
             The game lasted 00:45:56 (14554 turns).

Krehm the Cleaver (Hill Orc Monk)                  Turns: 14554, Time: 00:45:57

Health: -11/92     AC: 24    Str: 18    XL:     10   Next: 59%
Magic:  14/14      EV:  6    Int: 10    God:    Beogh [****..]
Gold:   485        SH: 10    Dex: 13    Spells: 9/9 levels left

rFire    . . .     SeeInvis .   j - +1 war axe (holy)
rCold    . . .     Faith    .   o - +0 buckler
rNeg     . . .     Spirit   .   r - +1 plate armour
rPois    .         Reflect  +   x - +0 helmet
rElec    .         Harm     .   y - scarf {shadows}
rCorr    .                      (no gloves)
MR       .....                  g - +0 pair of boots
Stlth    ..........             f - amulet of reflection
HPRegen  0.25/turn              J - +4 ring of protection
MPRegen  0.14/turn              m - +4 ring of protection

@: marked
A: no striking features
a: Smiting, Recall Orcish Followers, Renounce Religion


You were in a bailey.
You worshipped Beogh.
Beogh was greatly pleased with you.
You visited 1 branch of the dungeon, and saw 11 of its levels.
You also visited: Bailey.

You collected 485 gold pieces.

Inventory:

Hand Weapons
 j - a +1 war axe of holy wrath (weapon)
 n - a +2 spear of freezing
 z - a +0 vampiric halberd
 H - a +0 glaive
Missiles
 b - 26 poisoned darts (quivered)
 l - 6 atropa-tipped darts
 u - 22 boomerangs
Armour
 g - a +0 pair of boots (worn)
 o - a +0 buckler (worn)
 r - a +1 plate armour (worn)
 x - a +0 helmet (worn)
 y - a scarf of shadows (worn)
Jewellery
 a - an uncursed ring of flight
 f - an amulet of reflection (around neck)
 m - a +4 ring of protection (right hand)
 J - a +4 ring of protection (left hand)
Wands
 c - a wand of acid (7)
 v - a wand of flame (23)
 B - a wand of random effects (20)
 K - a wand of digging (8)
 L - a wand of disintegration (7)
Scrolls
 i - 6 scrolls of enchant armour
 q - 8 scrolls of teleportation
 s - a scroll of fear
 A - a scroll of random uselessness {unknown}
 C - 5 scrolls of identify
 D - a scroll of enchant weapon {unknown}
 F - a scroll of fog
 G - 4 scrolls of remove curse
 I - a scroll of vulnerability {unknown}
Potions
 d - 2 potions of heal wounds
 h - 5 potions of curing
 k - 2 potions of lignification
 p - 2 potions of flight
 t - a potion of resistance
 w - 2 potions of might


   Skills:
 + Level 9.7 Fighting
 * Level 13.8 Axes
 + Level 6.0 Armour
 - Level 2.4 Dodging
 - Level 1.5 Stealth
 - Level 4.0 Shields
 + Level 5.5 Invocations


You had 9 spell levels left.
You didn't know any spells.
Your spell library contained the following spells:

 Spells                   Type           Power        Failure   Level
 Foxfire                  Conj/Fire      #...         100%        1
 Conjure Flame            Conj/Fire      #.......     100%        3
 Inner Flame              Hex/Fire       #.......     100%        3
 Sticky Flame             Conj/Fire      #.......     100%        4
 Fireball                 Conj/Fire      #.........   100%        5


Dungeon Overview and Level Annotations

Branches:
Dungeon (11/15)            Temple (0/1) D:4            Lair (0/6) D:10
    Orc (0/2) D:11         Bailey (1/1)

Altars:
Elyvilon
Hepliaklqana
Kikubaaqudgha
Qazlal
Yredelemnul

Annotations:
D:6 2 transporters, exclusion: downstairs, Menkaure
D:8 exclusions: 2 ice devils and 2 ufetubi


Message History

Throwing (i - inventory. (/) - cycle)
E - a javelin (quivered)
Press: ? - help, Shift-Dir - straight line, f/p - orc warrior
Aim: an orc warrior, wielding a +0 war axe and wearing a +0 ring mail (heavily wounded, strong) Really fire in your ally the orc's direction?
This attack would place you under penance!
Okay, then.
Throwing (i - inventory. (/) - cycle)
E - a javelin (quivered)
Press: ? - help, Shift-Dir - straight line, f/p - orc warrior
Aim: an orc warrior, wielding a +0 war axe and wearing a +0 ring mail (heavily wounded, strong)
You throw a javelin.
The javelin barely misses the orc knight.
The javelin closely misses the orc knight.
The javelin closely misses the orc warrior.
The javelin completely misses the orc warrior.
Your orc barely misses the orc warrior.
Your orc hits the hobgoblin with a +0 hand axe.
The hobgoblin dies!
Beogh accepts your kill.
The orc knight hits you with a +0 battleaxe!!!
You die...
Beogh appreciates the orc knight's killing of a heretic priest.

### ##8##
##.∩.##
#8^^.8#
##.∩.##
######'######
#∩..(≈.≈(..∩#
#+###≈@≈###'#
#^..K≈o≈(...#
#'###≈o≈###'#
.≈o≈( ##≈o≈##
.≈o≈K #≈)≈#


You could see 2 orc knights, 2 orc warriors, 2 kobolds and a friendly orc
(strong).

Vanquished Creatures
  An unseen horror (D:10)
  Psyche (D:8)
  A hornet (D:9)
  2 hippogriffs
  Sigmund (D:4)
  Grum (D:8)
  A warg (D:10)
  Edmund (D:4)
  An orc warrior (D:7)
  A black bear (D:7)
  3 ice beasts
  3 ogres
  A centaur (D:5)
  A wolf (D:8)
  4 bullfrogs
  A scorpion (D:5)
  4 wights
  2 electric eels (D:10)
  A centaur skeleton (D:10)
  3 hounds
  A jelly (D:9)
  6 orc priests
  A bullfrog skeleton (D:4)
  8 orc wizards
  Terence (D:2)
  3 iguanas
  5 worker ants
  Robin (D:4)
  4 gnolls
  A howler monkey skeleton (D:4)
  5 adders
  2 white imps
  An ufetubus (D:7)
  An adder skeleton (D:5)
  5 worms
  2 dart slugs
  3 leopard geckos
  24 orcs
  3 giant cockroaches
  16 goblins
  10 hobgoblins
  9 jackals
  15 kobolds
  9 quokkas
  A ball python (D:4)
  6 bats
  5 frilled lizards
  A quokka skeleton (D:4)
  11 rats
194 creatures vanquished.

Vanquished Creatures (collateral kills)
  A troll (D:9)
  A warg (D:10)
  2 ice beasts (D:9)
  A sky beast (D:9)
  An eye of draining (D:8)
  A wolf (D:8)
  A necrophage (D:9)
  2 centaurs
  A big kobold (D:9)
  A bullfrog (D:8)
  A water moccasin zombie (D:10)
  A wyvern zombie (D:10)
  2 scorpions
  4 wights
  2 howler monkeys (D:10)
  A jelly (D:10)
  4 orc wizards
  4 orc priests
  3 bullfrog skeletons
  A worker ant (D:10)
  A worker ant zombie (D:10)
  A howler monkey zombie (D:9)
  2 adders
  4 orcs
  A hobgoblin (Bailey)
44 creatures vanquished.

Vanquished Creatures (others)
  2 orc wizards (D:10)
  7 orcs
  A jackal (D:5)
  22 plants (D:10)
32 creatures vanquished.

Grand Total: 270 creatures vanquished

Notes
Turn   | Place    | Note
-------+----------+-------------------------------------------
     0 | D:1      | Krehm the Hill Orc Monk began the quest for the Orb.
     0 | D:1      | Reached XP level 1. HP: 19/19 MP: 1/1
   179 | D:1      | Reached XP level 2. HP: 18/27 MP: 2/2
   631 | D:1      | Reached skill level 5 in Axes
   916 | D:2      | Reached XP level 3. HP: 30/33 MP: 3/3
  1009 | D:2      | Noticed Terence
  1052 | D:2      | Killed Terence
  1394 | D:2      | Reached XP level 4. HP: 9/41 MP: 4/4
  2096 | D:2      | Found a faded altar of an unknown god.
  2116 | D:2      | Reached skill level 6 in Axes
  2582 | D:2      | Got a brightly glowing short sword
  2631 | D:2      | Identified the +0 short sword "Borroe" {vorpal, MP+9} (You
                  | found it on level 2 of the Dungeon)
  2691 | D:2      | Found a basalt altar of Yredelemnul.
  3032 | D:3      | Found a hazy altar of Hepliaklqana.
  3077 | D:3      | Reached skill level 1 in Shields
  3426 | D:3      | Found a white marble altar of Elyvilon.
  3488 | D:3      | Reached XP level 5. HP: 47/47 MP: 5/5
  4260 | D:4      | Reached skill level 5 in Fighting
  4653 | D:4      | Noticed an ogre
  4790 | D:3      | Reached skill level 7 in Axes
  4790 | D:3      | Reached XP level 6. HP: 37/56 MP: 6/6
  4992 | D:4      | Noticed Sigmund
  5009 | D:4      | Killed Sigmund
  5009 | D:4      | Reached skill level 8 in Axes
  5009 | D:4      | Reached XP level 7. HP: 38/62 MP: 7/7
  5123 | D:4      | Noticed Robin
  5157 | D:4      | Killed Robin
  5259 | D:4      | Found a staircase to the Ecumenical Temple.
  5385 | D:4      | Noticed Edmund
  5471 | D:4      | Killed Edmund
  5783 | D:5      | Entered Level 5 of the Dungeon
  5827 | D:5      | Reached skill level 9 in Axes
  5888 | D:5      | Became a worshipper of Beogh the Brigand
  5888 | D:5      | Reached * piety under Beogh
  5888 | D:5      | Reached ** piety under Beogh
  5918 | D:5      | Reached XP level 8. HP: 59/71 MP: 8/8
  6478 | D:5      | Reached skill level 10 in Axes
  6797 | D:6      | Reached skill level 1 in Armour
  6894 | D:6      | Found a basalt altar of Yredelemnul.
  6894 | D:6      | Found an ancient bone altar of Kikubaaqudgha.
  6895 | D:6      | Noticed Menkaure
  6896 | D:6      | Noticed a vampire
  6896 | D:6      | Noticed a wraith
  6897 | D:6      | Found a transporter.
  7293 | D:6      | Noticed a wraith
  7296 | D:6      | Found a transporter.
  7452 | D:7      | Found a stormy altar of Qazlal.
  7727 | D:7      | Reached skill level 11 in Axes
  7964 | D:7      | Reached XP level 9. HP: 73/81 MP: 9/9
  8294 | D:7      | Reached *** piety under Beogh
  8586 | D:8      | Noticed an ice devil
  8586 | D:8      | Noticed an ice devil
  8692 | D:8      | Noticed an ice devil
  8695 | D:8      | Noticed an ice devil
  8695 | D:8      | Noticed an ice devil
  8698 | D:8      | Noticed an ice devil
  8712 | D:8      | Noticed an ice devil
  8718 | D:8      | Noticed Psyche
  8733 | D:8      | Killed Psyche
  8733 | D:8      | Reached skill level 1 in Invocations
  8774 | D:8      | Reached skill level 12 in Axes
  8930 | D:8      | Noticed Grum
  8955 | D:8      | Killed Grum
  9578 | D:9      | Noticed a troll
  9588 | D:9      | Killed a troll
  9755 | D:9      | Reached skill level 5 in Armour
  9924 | D:9      | Noticed a hornet
  9928 | D:9      | Reached XP level 10. HP: 91/91 MP: 12/12
 10053 | D:9      | Reached skill level 13 in Axes
 10789 | D:9      | Reached **** piety under Beogh
 11045 | D:10     | Entered Level 10 of the Dungeon
 11682 | D:10     | Killed an unseen horror
 11682 | D:10     | Reached skill level 5 in Invocations
 12000 | D:10     | Found a staircase to the Lair.
 12142 | D:10     | Gained Olfik as an ally
 14481 | D:11     | Found a flagged portal.
 14522 | Bailey   | Entered a bailey
 14535 | Bailey   | Noticed an orc knight
 14538 | Bailey   | Noticed an orc knight
 14554 | Bailey   | Mangled by an orc knight

Illustrated notes

Levels and vault maps discovered:
D:1:      dpeg_arrival_renting, layout_basic, st_stairs_9
D:2:      layout_loops_corners, chequers_ecumenical_altar_simple_redux,
          eino_curves_02, minivault_5, yredelemnul_altar_generic, uniq_terence
D:3:      layout_loops_ring, lemuel_doored_altar, elyvilon_altar_3
D:4:      layout_rooms, minmay_temple_entry_glass, uniq_edmund, uniq_sigmund,
          uniq_robin
D:5:      layout_gridville
D:6:      layout_rooms, gammafunk_temple_of_torment,
          chequers_serial_rivers_room_b
D:7:      layout_loops_ring, nicolae_qazlal_eye_of_the_storm, serial_rivers,
          chequers_serial_rivers_small_3, chequers_serial_rivers_room_a,
          chequers_serial_rivers_large_a, chequers_serial_rivers_micro_c
D:8:      cheibrodos_frozen_isle, layout_gridville, nrook_mini_vaults,
          uniq_grum, uniq_psyche
D:9:      layout_roguey
D:10:     layout_cave_pools, erik_lair_orcish_takeover, serial_bayou,
          serial_bayou_pond_c, serial_bayou_pond_d, serial_bayou_ford_a,
          serial_bayou_pond_d, serial_bayou_pond_c, serial_bayou_pond_d
D:11:     layout_roguey, david_orc_4, enter_bailey_2, enter_trove_1
Bailey:   bailey_axe_1, bailey

Skill      XL: |  1  2  3  4  5  6  7  8  9 10 |
---------------+-------------------------------+-----
Fighting       | 4 5 6 7 9 |  9.7
Axes           | 5 6 7 8 9 11 12 13 | 13.8
Shields        | 1 2 3 4 |  4.0
Armour         | 3 5 6 |  6.0
Invocations    | 3 5 |  5.5
Dodging        | |  2.4
Stealth        | |  1.5

Action                   |  1- 3 |  4- 6 |  7- 9 | 10-12 || total
-------------------------+-------+-------+-------+-------++-------
Melee: Hand axe          |   127 |   305 |   509 |   151 ||  1092
       War axe           |       |       |       |    16 ||    16
Throw: Dart              |       |     6 |    18 |    13 ||    37
       Boomerang         |       |       |    12 |       ||    12
       Javelin           |       |       |       |     7 ||     7
Invok: Convert to Beogh  |       |       |     1 |       ||     1
  Use: Scroll            |       |    12 |     3 |     6 ||    21
       Potion            |       |       |     1 |       ||     1
 Stab: Sleeping          |     1 |       |       |       ||     1
       Invisible         |       |       |     1 |       ||     1
       Distracted        |       |       |     1 |     2 ||     3
Armor: Robe              |     5 |       |       |       ||     5
       Scale mail        |    42 |   118 |    14 |       ||   174
       Chain mail        |       |       |   148 |     4 ||   152
       Skin              |       |       |     4 |       ||     4
       Plate armour      |       |       |       |   152 ||   152
Dodge: Dodged            |    82 |   104 |   114 |    34 ||   334
Block: Buckler           |       |    78 |   190 |    97 ||   365
       Reflection        |       |       |     2 |    28 ||    30

Table legend: (Time is in decaauts)
 A = Elapsed time spent in this place.
 B = Non-inter-level travel time spent in this place.
 C = Inter-level travel time spent in this place.
 D = Time resting spent in this place.
 E = Time spent auto-exploring this place.
 F = Levels seen in this place.
 G = Mean time per level.
                   A        B        C        D        E       F      G
               +--------+--------+--------+--------+--------+-----+--------+
         Total |  14436 |  13907 |    529 |   6623 |   4739 |  12 | 1203.0 |
       Dungeon |  14402 |  13873 |    529 |   6623 |   4739 |  11 | 1309.3 |
        Bailey |     33 |     33 |      0 |      0 |      0 |   1 |   33.0 |
               +--------+--------+--------+--------+--------+-----+--------+

Top non-repeatable levels by time:
    D:10: 2945 daAuts
     D:9: 1909 daAuts
     D:2: 1877 daAuts
     D:3: 1373 daAuts
     D:4: 1368 daAuts
     D:7: 1185 daAuts
     D:1: 1164 daAuts
     D:8: 984 daAuts
     D:5: 983 daAuts
     D:6: 559 daAuts
    D:11: 51 daAuts
  Bailey: 33 daAuts
